[Event "Early-Titled-Tuesday-Blitz-September-12-2023"]
[Site "Chess.com"]
[Date "2023.09.12"]
[Round "10"]
[White "Artemiki"]
[Black "nitpicker"]
[Result "1-0"]
[WhiteElo "2162"]
[BlackElo "2248"]
[TimeControl "180+1"]
[EndTime "9:53:14 PDT"]
[Termination "Artemiki won by checkmate"]

1. e4 c5 2. Nf3 d6 3. d4 cxd4 4.
Nxd4 Nf6 5. Nc3 Nc6 6. f3 Qb6 7. Be3 Qxb2 8. Ncb5 Qb4+ 9. Bd2 Qc5 10. Nc7+ Kd8 11.
Nb3 Qe5 12. Nxa8 b6 13. Bd3 Bb7 14. Nxb6 axb6 15. O-O g5 16. a4 Bg7 17. a5 bxa5 18. Nxa5 Nxa5 19. Rxa5 Qd4+ 20. Kh1 h6 21. Qb1 Bc8 22.
Ra8 Kd7 23. Qb5+ Ke6 24. Qf5# 1-0

[Event "Early-Titled-Tuesday-Blitz-September-12-2023"]
[Site "Chess.com"]
[Date "2023.09.12"]
[Round "10"]
[White "Korchmar_Vasiliy"]
[Black "MdImranCM"]
[Result "0-1"]
[WhiteElo "2706"]
[BlackElo "2524"]
[TimeControl "180+1"]
[EndTime "9:53:26 PDT"]
[Termination "MdImranCM won by resignation"]

1. e4 c5 2. d4 cxd4 3. Qxd4 Nc6 4. Qd3 g6 5. Nc3 Bg7 6. Nf3 Nf6 7. Be2 O-O 8. O-O d6 9. Nd5 Nd7 10. c3 Nc5 11. Qc2 e6 12. Ne3 b6 13. b4 Nd7 14.
Bb2 Bb7 15. a3 Nde5 16. Nxe5 Nxe5 17. c4 Qf6 18. Kh1 Qf4 19. Bd3 f5 20. exf5 Nf3 21.
g3 Qh6 22. Ng4 Nxh2+ 23. Kg1 Nf3+ 24. Kg2 Ne1+ 0-1

[Event "Early-Titled-Tuesday-Blitz-September-12-2023"]
[Site "Chess.com"]
[Date "2023.09.12"]
[Round "10"]
[White "javierfreilemartin"]
[Black "Kapitan_Bayan"]
[Result "1-0"]
[WhiteElo "2326"]
[BlackElo "2196"]
[TimeControl "180+1"]
[EndTime "9:53:40 PDT"]
[Termination "javierfreilemartin won by resignation"]

1. c4 e5 2. Nc3 Nf6 3. Nf3 Nc6 4. a3 Bc5 5. e3 a5 6. Nxe5 Nxe5 7. d4 Bd6 8. c5 Ng6 9. cxd6 cxd6 10. e4 O-O 11.
Bd3 Re8 12. O-O b6 13. Qf3 Ba6 14. Bxa6 Rxa6 15. Bg5 Re6 16. Rac1 h6 17. Bxf6 Rxf6 18. Qd3 Ra8 19. g3 Re6 20. Nd5 Ne7 21. Nc7 Rc8 22. Nxe6 fxe6 23. Qa6 Rxc1 24. Rxc1 Nc6 25. d5 Ne7 26.
Qb7 exd5 27. exd5 Ng6 28. Rc8 1-0

[Event "Early-Titled-Tuesday-Blitz-September-12-2023"]
[Site "Chess.com"]
[Date "2023.09.12"]
[Round "10"]
[White "inagreV"]
[Black "DvaHrasta"]
[Result "0-1"]
[WhiteElo "2279"]
[BlackElo "2486"]
[TimeControl "180+1"]
[EndTime "9:53:42 PDT"]
[Termination "DvaHrasta won by resignation"]

1. e4 c6 2. d4 d5 3. Nc3 dxe4 4.
Nxe4 Bf5 5. Ng3 Bg6 6. h4 h6 7.
Nf3 Nd7 8. Bd3 Bxd3 9. Qxd3 Ngf6 10. Bf4 Qa5+ 11. Bd2 Qa6 12. Qxa6 bxa6 13. O-O-O e6 14. Bf4 Nd5 15. Bd2 c5 16. c4 N5b6 17. b3 cxd4 18.
Nxd4 Bc5 19. Bc3 O-O-O 20. Ne4 f5 21. Nd2 Bxd4 22. Bxd4 e5 23. Bc3 Nc5 24. Nf3 Nd3+ 25. Kc2 e4 26. Ne5 Nxf2 27. Rxd8+ Rxd8 28. Re1 Nd7 29. Nc6 Re8 30. Bd4 Nd3 31. Rf1 g6 32. h5 Re6 33. Nxa7+ Kb7 34. g4 f4 35. g5 gxh5 0-1

[Event "Early-Titled-Tuesday-Blitz-September-12-2023"]
[Site "Chess.com"]
[Date "2023.09.12"]
[Round "10"]
[White "Sleepless_Knightmare"]
[Black "MANOJ_MISHRA123"]
[Result "0-1"]
[WhiteElo "2395"]
[BlackElo "2244"]
[TimeControl "180+1"]
[EndTime "9:53:49 PDT"]
[Termination "MANOJ_MISHRA123 won by resignation"]

1. e4 c6 2. d4 d5 3. Nc3 g6 4. h4 h5 5. e5 Nh6 6. Bg5 Qb6 7.
a3 Bg4 8. f3 Bf5 9. Na4 Qa5+ 10.
c3 Qc7 11. b4 a5 12. Ne2 axb4 13. axb4 Nd7 14. Ng3 Bg7 15. Nxf5 Nxf5 16. Bd3 e6 17. g4 hxg4 18. fxg4 Ng3 19. Rh3 Ne4 20. Bxe4 dxe4 21. Re3 O-O 22. Rxe4 b6 23. Be7 Rfe8 24. Bd6 Qb7 25. Nb2 Rxa1 26. Qxa1 Ra8 27. Qb1 c5 28. Nd3 Qxe4+ 0-1

[Event "Early-Titled-Tuesday-Blitz-September-12-2023"]
[Site "Chess.com"]
[Date "2023.09.12"]
[Round "10"]
[White "Zampronha1971"]
[Black "CristianS27"]
[Result "0-1"]
[WhiteElo "2329"]
[BlackElo "2505"]
[TimeControl "180+1"]
[EndTime "9:53:53 PDT"]
[Termination "CristianS27 won by checkmate"]

1. e4 e5 2. Nf3 d5 3. d4 dxe4 4. Nxe5 Nd7 5. Nxd7 Bxd7 6. Bc4 Bd6 7. O-O Qh4 8. g3 Qh3 9. Re1 Nf6 10. Bf1 Qf5 11.
Nc3 O-O-O 12. Bg2 Rde8 13. Be3 h5 14. a4 h4 15. Nb5 hxg3 16. hxg3 Kb8 17. Nxd6 cxd6 18.
c4 Ng4 19. Qd2 Qh5 20. b4 Qh2+ 21. Kf1 Nxe3+ 22. Qxe3 Bg4 23. Qf4 f5 24. Qxd6+ Ka8 25. Ra3 Rh6 26. Qf4 Reh8 27. d5 Qh1+ 28. Bxh1 Rxh1+ 29. Kg2 R8h2# 0-1

[Event "Early-Titled-Tuesday-Blitz-September-12-2023"]
[Site "Chess.com"]
[Date "2023.09.12"]
[Round "10"]
[White "pankajfm"]
[Black "NowInChess"]
[Result "1-0"]
[WhiteElo "2112"]
[BlackElo "2230"]
[TimeControl "180+1"]
[EndTime "9:53:55 PDT"]
[Termination "pankajfm won by resignation"]

1. d4 Nf6 2. Bf4 e6 3. e3 d5 4. c3 Bd6 5. Bg3 O-O 6. Nd2 c5 7. Bd3 Qc7 8. Ngf3 Nbd7 9. O-O Bxg3 10. hxg3 e5 11. dxe5 Nxe5 12. Nxe5 Qxe5 13. Nf3 Qh5 14. Be2 Bg4 15. Re1 Rad8 16. Nh2 Bxe2 17. Qxe2 Qf5 18. g4 Qe6 19. g5 Ne4 20. f4 Rfe8 21. Rad1 a6 22. Qf3 c4 23. f5 Qe5 24. Ng4 Nxg5 25.
Nxe5 Nxf3+ 26. Nxf3 Re5 27. Nxe5 1-0

[Event "Early-Titled-Tuesday-Blitz-September-12-2023"]
[Site "Chess.com"]
[Date "2023.09.12"]
[Round "10"]
[White "the-gambler"]
[Black "KatakuriDono"]
[Result "1-0"]
[WhiteElo "2488"]
[BlackElo "2333"]
[TimeControl "180+1"]
[EndTime "9:54:02 PDT"]
[Termination "the-gambler won by resignation"]

1. e4 e5 2. Nf3 Nc6 3. Nc3 Nf6 4. g3 Be7 5. Bg2 O-O 6. O-O h6 7. d3 d6 8. h4 Bg4 9. Be3 Nd7 10. Nd5 f5 11. Qd2 fxe4 12. Nh2 Bf3 13.
dxe4 Bxg2 14. Kxg2 Nf6 15. Nxf6+ Bxf6 16. c3 Ne7 17. Ng4 Ng6 18. h5 Nh8 19. Bxh6 gxh6 20.
Nxh6+ Kh7 21. Nf5 Bg5 22. f4 Bf6 23. Qd5 Qe8 24. Qxb7 Rb8 25. Qxc7+ Rf7 26. Qc4 Rxb2+ 27. Rf2 Rxf2+ 28. Kxf2 Qd8 29. Rd1 exf4 30. gxf4 Rc7 31. Qe6 Rxc3 32. Rxd6 Rc2+ 33. Kf3 Rc3+ 34. Ke2 Rc2+ 35.
Kd1 Qc8 36. Rd7+ 1-0

[Event "Early-Titled-Tuesday-Blitz-September-12-2023"]
[Site "Chess.com"]
[Date "2023.09.12"]
[Round "10"]
[White "Srisshhhtea"]
[Black "HanSchut"]
[Result "1-0"]
[WhiteElo "2424"]
[BlackElo "2271"]
[TimeControl "180+1"]
[EndTime "9:54:06 PDT"]
[Termination "Srisshhhtea won by checkmate"]

1. e4 c5 2. Nf3 d6 3. d4 cxd4 4. Nxd4 Nf6 5. Nc3 a6 6. f3 e5 7. Nb3 Be6 8. Be3 Be7 9. Qd2 Nbd7 10. Nd5 Nxd5 11. exd5 Bf5 12. O-O-O Rc8 13. Bd3 Bxd3 14. Qxd3 Bg5 15. Kb1 Bxe3 16. Qxe3 O-O 17. g4 Nc5 18. h4 Nxb3 19. axb3 b5 20. h5 Rc5 21. g5 Qa8 22. Qe4 f5 23. gxf6 Rxf6 24. Rhg1 Rf4 25.
Qd3 Qf8 26. h6 g6 27. Qd2 Qxh6 28. Rh1 Qf8 29. Qh2 Qf7 30. Rdg1 Rf6 31. Qh3 Rxd5 32. Qc8+ Kg7 33. Rxh7+ Kxh7 34. Rh1+ Kg7 35. Qh8# 1-0

[Event "Early-Titled-Tuesday-Blitz-September-12-2023"]
[Site "Chess.com"]
[Date "2023.09.12"]
[Round "10"]
[White "giomar27"]
[Black "MateusViageiro"]
[Result "1-0"]
[WhiteElo "2251"]
[BlackElo "2124"]
[TimeControl "180+1"]
[EndTime "9:54:10 PDT"]
[Termination "giomar27 won by resignation"]

1. e4 c6 2. Nc3 d5 3. d3 dxe4 4. Nxe4 Nd7 5. Nf3 Ngf6 6. Ng3 e6 7. d4 Be7 8. Bd3 Qc7 9. O-O b6 10. c4 Bb7 11. Qe2 O-O 12. Ne5 Rfe8 13. f4 c5 14. Nh5 cxd4 15. b3 Nc5 16. Bb2 Rad8 17. Rad1 Nxd3 18. Rxd3 Nxh5 19. Qxh5 g6 20. Qh6 Bf6 21.
Rh3 Bg7 22. Qxh7+ Kf8 23. Ba3+ Rd6 24. Bxd6+ Qxd6 25. Rd3 Qb8 26. Rfd1 Rd8 27. Rxd4 Rxd4 28. Rxd4 Bxe5 29. fxe5 Qxe5 30. Qh4 g5 31. Qf2 Kg7 32.
Qd2 Be4 33. Qe3 1-0

[Event "Early-Titled-Tuesday-Blitz-September-12-2023"]
[Site "Chess.com"]
[Date "2023.09.12"]
[Round "10"]
[White "artin10862"]
[Black "Lion-Al-Messi"]
[Result "1-0"]
[WhiteElo "2951"]
[BlackElo "2627"]
[TimeControl "180+1"]
[EndTime "9:54:11 PDT"]
[Termination "artin10862 won by checkmate"]

1. d4 d5 2. c4 c6 3. Nf3 Nf6 4. e3 e6 5. Nc3 Nbd7 6. Qc2 Bd6 7. g4 Nxg4 8. Rg1 Nxh2 9. Nxh2 Bxh2 10. Rxg7 Nf8 11. Rg2 Bd6 12. b3 Ng6 13. Bb2 Nh4 14. O-O-O Nxg2 15. Bxg2 Bd7 16. Kb1 Qf6 17. e4 Qg6 18. Bf1 Bc7 19. Bd3 dxe4 20. Nxe4 f5 21. d5 fxe4 22. Bxe4 Qg8 23. dxc6 Bxc6 24. Bxc6+ bxc6 25. Bxh8 Qxh8 26. Qe4 Rd8 27. Qxe6+ Kf8 28. Qf5+ Ke7 29.
Re1+ Kd6 30. c5# 1-0

[Event "Early-Titled-Tuesday-Blitz-September-12-2023"]
[Site "Chess.com"]
[Date "2023.09.12"]
[Round "10"]
[White "Casper"]
[Black "Iskusnyh"]
[Result "1-0"]
[WhiteElo "2453"]
[BlackElo "2608"]
[TimeControl "180+1"]
[EndTime "9:54:12 PDT"]
[Termination "Casper won by resignation"]

1. e4 e6 2. d4 d5 3. Bd3 c5 4. exd5 exd5 5. dxc5 Bxc5 6. Nf3 Nf6 7. O-O O-O 8. Bg5 Nc6 9. Nc3 Bg4 10. h3 Bh5 11.
Bxf6 Qxf6 12. Nxd5 Qxb2 13. Rb1 Qxa2 14. Rxb7 Nd4 15.
Bxh7+ Kxh7 16. Ng5+ Kg6 17. Nf4+ Kxg5 18. Qxh5+ Kf6 19.
Nd5+ Qxd5 20. Qxd5 Rac8 21. Re1 Ne6 22. h4 Rfd8 23. Rxe6+ 1-0

[Event "Early-Titled-Tuesday-Blitz-September-12-2023"]
[Site "Chess.com"]
[Date "2023.09.12"]
[Round "10"]
[White "Flaccidmoves"]
[Black "F-Ghaith2021"]
[Result "0-1"]
[WhiteElo "2444"]
[BlackElo "2317"]
[TimeControl "180+1"]
[EndTime "9:54:18 PDT"]
[Termination "F-Ghaith2021 won by resignation"]

1. c4 Nf6 2. Nc3 e6 3. e4 d5 4. e5 d4 5. exf6 dxc3 6. bxc3 Qxf6 7. Bd3 Nc6 8. Nf3 Bd6 9. O-O g5 10. Re1 g4 11. Nd4 Nxd4 12. cxd4 Qxd4 13. Be4 Qxa1 14. Qb3 Bd7 15. Qxb7 O-O 16. Qb3 f5 17. Bxa8 Rxa8 18. c5 Bxc5 19. Kf1 Qd4 20. Re3 Qd5 21. Rc3 Qxb3 22.
axb3 Bb6 23. Rd3 Bb5 0-1

[Event "Early-Titled-Tuesday-Blitz-September-12-2023"]
[Site "Chess.com"]
[Date "2023.09.12"]
[Round "10"]
[White "Agibileg"]
[Black "Byniolus"]
[Result "1-0"]
[WhiteElo "2655"]
[BlackElo "2774"]
[TimeControl "180+1"]
[EndTime "9:54:22 PDT"]
[Termination "Agibileg won by resignation"]

1. d4 Nf6 2. c4 g6 3. Nc3 Bg7 4. e4 O-O 5. Be2 c6 6. Nf3 d5 7. cxd5 cxd5 8. e5 Ne4 9. O-O Nc6 10. h4 Bg4 11. Be3 Nxc3 12. bxc3 e6 13. Ng5 Bxe2 14. Qxe2 h6 15. Nf3 Rc8 16. h5 g5 17. Nh2 f5 18.
exf6 Qxf6 19. f4 gxf4 20. Bxf4 Qe7 21. Ng4 Nxd4 22. cxd4 Bxd4+ 23. Be3 Bxa1 24. Nxh6+ Kh8 25. Rxa1 e5 26. Bd4 Rce8 27. Re1 Qg5 28. Bxe5+ Kh7 29. Ng4 Rf5 30. h6 d4 31. Qe4 d3 32. Rf1 d2 33.
Rxf5 1-0

[Event "Early-Titled-Tuesday-Blitz-September-12-2023"]
[Site "Chess.com"]
[Date "2023.09.12"]
[Round "10"]
[White "AradNazari"]
[Black "Mikhail_Golubev"]
[Result "0-1"]
[WhiteElo "2726"]
[BlackElo "2613"]
[TimeControl "180+1"]
[EndTime "9:54:22 PDT"]
[Termination "Mikhail_Golubev won by resignation"]

1. e4 c5 2. Nf3 d6 3. Bb5+ Bd7 4. Bxd7+ Nxd7 5. O-O Ngf6 6. Qe2 e6 7. c3 Be7 8. d4 cxd4 9. cxd4 d5 10. e5 Ne4 11.
Nc3 Nxc3 12. bxc3 Rc8 13. Bd2 O-O 14. Qd3 Qc7 15. h4 Qc4 16. Qe3 Nb6 17. h5 h6 18.
Rfd1 Qa6 19. Qf4 Nc4 20. Bc1 f5 21. exf6 Rxf6 22. Qg4 Rcf8 23. a4 e5 24. dxe5 Rxf3 25. gxf3 Nxe5 26. Qg3 Nxf3+ 27. Kh1 Qe6 28. Kg2 Bh4 29.
Qh3 Ne1+ 0-1

[Event "Early-Titled-Tuesday-Blitz-September-12-2023"]
[Site "Chess.com"]
[Date "2023.09.12"]
[Round "10"]
[White "FredddieCroderg"]
[Black "Mikedannnn"]
[Result "0-1"]
[WhiteElo "2326"]
[BlackElo "2567"]
[TimeControl "180+1"]
[EndTime "9:54:24 PDT"]
[Termination "Mikedannnn won by resignation"]

1. e4 c5 2. Nf3 e6 3. d3 Nc6 4.
Nbd2 g6 5. g3 Bg7 6. Bg2 d5 7.
O-O Nf6 8. Re1 O-O 9. c3 a5 10.
e5 Nd7 11. d4 cxd4 12. cxd4 f6 13. exf6 Qxf6 14. Nf1 Nxd4 15. Qxd4 Qxd4 16. Nxd4 Bxd4 17.
Be3 Bxb2 18. Rab1 Bf6 19. Bh3 Ne5 20. Kg2 Rf7 21. Rb6 Ra6 22. Rxa6 bxa6 23. Rc1 Nc4 24. Nd2 Nxe3+ 25. fxe3 Bd7 26. Rc7 Kg7 27. Nb3 Bb5 28.
Bxe6 Rxc7 0-1

[Event "Early-Titled-Tuesday-Blitz-September-12-2023"]
[Site "Chess.com"]
[Date "2023.09.12"]
[Round "10"]
[White "ElenaPershina"]
[Black "ljuks68"]
[Result "0-1"]
[WhiteElo "2258"]
[BlackElo "2430"]
[TimeControl "180+1"]
[EndTime "9:54:24 PDT"]
[Termination "ljuks68 won by resignation"]

1. d4 d5 2. Nf3 Nf6 3. g3 Bf5 4. Bg2 e6 5. O-O Nbd7 6. c4 c6 7. b3 Bd6 8. Bb2 O-O 9. Nbd2 Re8 10. Nh4 Bg4 11. Re1 e5 12. cxd5 cxd5 13. dxe5 Nxe5 14. h3 Be6 15. Ndf3 Nc6 16. Nd4 Ne4 17. Nxc6 bxc6 18.
Qd4 f6 19. Rac1 Be5 20. Qd3 Bxb2 21. Rxc6 Qd7 22. Rc2 Ba3 23. Rd1 Qb7 24. Nf3 Bc5 25.
Nd4 Bxd4 26. Qxd4 Rac8 0-1

[Event "Early-Titled-Tuesday-Blitz-September-12-2023"]
[Site "Chess.com"]
[Date "2023.09.12"]
[Round "10"]
[White "Eloist"]
[Black "mmDarko"]
[Result "1-0"]
[WhiteElo "2480"]
[BlackElo "2254"]
[TimeControl "180+1"]
[EndTime "9:54:42 PDT"]
[Termination "Eloist won by checkmate"]

1. e4 e6 2. d4 d5 3. Nd2 Nf6 4. e5 Nfd7 5. c3 c5 6. Bd3 b6 7.
Ne2 a5 8. a4 Ba6 9. Bb5 Bxb5 10. axb5 Be7 11. c4 dxc4 12. Nxc4 O-O 13. d5 exd5 14.
Qxd5 Ra7 15. O-O Re8 16. Rd1 Nf8 17. Qxd8 Rxd8 18. Rxd8 Bxd8 19. Be3 Rd7 20. f4 Rd3 21.
Kf2 Nbd7 22. Nc3 Ne6 23. Ke2 Nxf4+ 24. Bxf4 Rd4 25. Rd1 Rxd1 26. Kxd1 Bc7 27. e6 fxe6 28. Bxc7 Kf7 29. Nxb6 Nxb6 30. Bxb6 e5 31. Bxc5 Ke6 32. b6 Kd7 33. Kd2 Kc6 34. Ke3 Kxc5 35. b7 Kc6 36.
b8=Q g6 37. Qb5+ Kd6 38. Qxa5 h5 39. Ke4 Kc6 40. Qa6+ Kc5 41. Nd5 h4 42. b4# 1-0

[Event "Early-Titled-Tuesday-Blitz-September-12-2023"]
[Site "Chess.com"]
[Date "2023.09.12"]
[Round "10"]
[White "Herzog2012"]
[Black "kushbhagat2009"]
[Result "0-1"]
[WhiteElo "2506"]
[BlackElo "2626"]
[TimeControl "180+1"]
[EndTime "9:54:44 PDT"]
[Termination "kushbhagat2009 won by resignation"]

1. e4 c5 2. Nf3 d6 3. d4 cxd4 4.
Nxd4 Nf6 5. Nc3 g6 6. Be3 Bg7 7. f3 O-O 8. Qd2 Nc6 9. O-O-O Nxd4 10. Bxd4 Be6 11. Kb1 Qc7 12. h4 Rfc8 13. h5 Qa5 14. a3 Rab8 15. hxg6 fxg6 16. g4 b5 17. Qg5 Bf7 18. Nd5 Bxd5 19. Bxf6 b4 20. Rxd5 exf6 21. Qh4 Qa4 22. Bd3 bxa3 23. Qxh7+ Kf7 24. e5 axb2 25.
e6+ Kxe6 26. Re1+ Kxd5 27. Be4+ Kc5 28. c3 Qa1+ 29. Kc2 Qxe1 0-1

[Event "Early-Titled-Tuesday-Blitz-September-12-2023"]
[Site "Chess.com"]
[Date "2023.09.12"]
[Round "10"]
[White "stollenmonster"]
[Black "TregubovP"]
[Result "1-0"]
[WhiteElo "2816"]
[BlackElo "2648"]
[TimeControl "180+1"]
[EndTime "9:54:47 PDT"]
[Termination "stollenmonster won by resignation"]

1. e4 c5 2. Nf3 e6 3. Be2 d5 4.
exd5 exd5 5. d4 Nf6 6. O-O Nc6 7. c4 Be6 8. Bg5 Be7 9. cxd5 Nxd5 10. Bxe7 Qxe7 11. Bc4 O-O 12. Re1 Rfd8 13. Bxd5 Rxd5 14. Nc3 Rxd4 15. Nxd4 Nxd4 16. Ne2 Rd8 17. Nxd4 cxd4 18. Qd3 Qf6 19. Rad1 g6 20. b3 a6 21. Qe4 Rd7 22. h3 Bf5 23. Qf4 Kg7 24. Re8 Qd6 25. Qf3 d3 26. Re3 d2 27. Re2 Qb4 28. Qe3 Rd3 29.
Qe5+ Kh6 30. Rexd2 1-0

[Event "Early-Titled-Tuesday-Blitz-September-12-2023"]
[Site "Chess.com"]
[Date "2023.09.12"]
[Round "10"]
[White "TatjanaVasilevich"]
[Black "Zheenbekov86"]
[Result "1-0"]
[WhiteElo "2564"]
[BlackElo "2415"]
[TimeControl "180+1"]
[EndTime "9:54:47 PDT"]
[Termination "TatjanaVasilevich won on time"]

1. e4 e5 2. Nf3 Nc6 3. Bb5 a6 4.
Ba4 Nf6 5. d3 b5 6. Bb3 Bc5 7. c3 O-O 8. O-O Qe7 9. d4 Bb6 10. d5 Nb8 11. Bc2 h6 12. a4 Bb7 13.
b3 c6 14. c4 bxc4 15. bxc4 cxd5 16. cxd5 d6 17. Nbd2 Nbd7 18. Rb1 Rab8 19. Nc4 Bc5 20. Na5 Ba8 21. Rxb8 Rxb8 22. Qe2 Bb6 23. Nc4 Bc5 24.
Be3 Qd8 25. Nfd2 a5 26. Nb3 Bb4 27. Bd2 Bb7 28. Nbxa5 Ba6 29. Nc6 Qc7 30. Bxb4 Rxb4 31. Nxb4 Bxc4 32. Bd3 Bxd3 33. Qxd3 Nc5 34. Qb5 Nfxe4 35.
a5 Nc3 36. Qb6 Qd7 37. a6 Ne2+ 38. Kh1 Nf4 39. a7 Qg4 40. a8=Q+ Kh7 41. Rg1 Nh3 42. Qa2 Nxg1 43. Qc2+ g6 44. Qxd6 Nh3 45. Qdxc5 1-0

[Event "Early-Titled-Tuesday-Blitz-September-12-2023"]
[Site "Chess.com"]
[Date "2023.09.12"]
[Round "10"]
[White "YEIKO2017"]
[Black "LuisFSiles"]
[Result "1-0"]
[WhiteElo "2534"]
[BlackElo "2383"]
[TimeControl "180+1"]
[EndTime "9:54:47 PDT"]
[Termination "YEIKO2017 won by resignation"]

1. e4 c5 2. Nf3 Nc6 3. Bb5 g6 4. c3 Nf6 5. e5 Nd5 6. d4 cxd4 7. Qb3 Nc7 8. Bc4 Ne6 9. cxd4 Na5 10. Qc3 Nxc4 11. Qxc4 d5 12. Qb3 Bg7 13. Nc3 Nc7 14.
h3 O-O 15. O-O b6 16. Be3 Ba6 17. Rfc1 Qd7 18. a4 Rfc8 19. a5 Rab8 20. axb6 Rxb6 21. Qd1 Rxb2 22. Na4 Rbb8 23. Nc5 Rb6 24. Nxd7 1-0

[Event "Early-Titled-Tuesday-Blitz-September-12-2023"]
[Site "Chess.com"]
[Date "2023.09.12"]
[Round "10"]
[White "Hilary46"]
[Black "Mr_Lion22"]
[Result "1-0"]
[WhiteElo "2557"]
[BlackElo "2427"]
[TimeControl "180+1"]
[EndTime "9:54:48 PDT"]
[Termination "Hilary46 won by resignation"]

1. e4 c5 2. Nf3 d6 3. d4 cxd4 4. Nxd4 Nf6 5. Nc3 a6 6. Bg5 e6 7. f4 h6 8. Bh4 Be7 9. Qf3 Nbd7 10. O-O-O Qc7 11. Be2 b5 12. Bxf6 Nxf6 13. e5 Bb7 14.
Qg3 dxe5 15. fxe5 Ne4 16. Nxe6 Qxc3 17. Nxg7+ Kf8 18. Ne6+ Ke8 19. Qxc3 Nxc3 20. Nc7+ Kf8 21. bxc3 Rc8 22. Nd5 Ba3+ 23. Kb1 Bxd5 24. Rxd5 Rxc3 25. Rf1 Ke7 26. Bh5 Rf8 27. Rd3 Rxd3 28. cxd3 Ke6 29. d4 Kd5 30. Rf4 Rc8 31. Bxf7+ Kc6 32. Be6 Rc7 33.
Kc2 Kb6+ 34. Kd3 b4 35. Bc4 Rg7 36. Rf6+ Kc7 37. g3 Rd7 38. Rxa6 Kb7 39. Rxh6 Bb2 40. Rd6 Rxd6 41. exd6 Kc6 42. Ke4 Kxd6 43. h4 Bc1 44. g4 1-0

[Event "Early-Titled-Tuesday-Blitz-September-12-2023"]
[Site "Chess.com"]
[Date "2023.09.12"]
[Round "10"]
[White "Chessmissile07"]
[Black "LeoLV10"]
[Result "1-0"]
[WhiteElo "2853"]
[BlackElo "2487"]
[TimeControl "180+1"]
[EndTime "9:54:51 PDT"]
[Termination "Chessmissile07 won by resignation"]

1. e4 c6 2. Nf3 d5 3. d3 g6 4.
Nc3 Bg7 5. d4 dxe4 6. Nxe4 Nf6 7.
Nxf6+ Bxf6 8. Bh6 Bg4 9. c3 Qd5 10. Be2 Qh5 11. Be3 Nd7 12. h3 Bxf3 13. Bxf3 Qb5 14.
Rb1 O-O 15. Be2 Qd5 16. O-O Bg7 17. Bf3 Qd6 18. d5 c5 19. c4 Rad8 20. Qa4 a6 21.
b4 Rb8 22. bxc5 Nxc5 23. Qa3 b6 24. Rxb6 Qxb6 25. Bxc5 Qb2 26. Qxb2 Rxb2 27. Bxe7 Rc8 28.
d6 Rbb8 29. d7 Rd8 30. Bxd8 Rxd8 31. Rd1 Bf8 32. Rd5 Bb4 33. c5 Ba5 34. c6 Bc7 35.
Rd2 Kf8 36. Re2 Rb8 37. g4 h6 38. Kg2 a5 39. Bd5 Rd8 40. Bc4 Rb8 41. Ba6 Rd8 42. Bc8 f6 43. Kf3 Kf7 44. Re1 Be5 45. Rxe5 fxe5 46. c7 Ke7 47. cxd8=Q+ Kxd8 48. Ke4 h5 1-0

[Event "Early-Titled-Tuesday-Blitz-September-12-2023"]
[Site "Chess.com"]
[Date "2023.09.12"]
[Round "10"]
[White "Andrei_Belozerov"]
[Black "Kirill_Klukin"]
[Result "1-0"]
[WhiteElo "2615"]
[BlackElo "2742"]
[TimeControl "180+1"]
[EndTime "9:54:52 PDT"]
[Termination "Andrei_Belozerov won on time"]

1. d4 Nf6 2. c4 Nc6 3. Nf3 e6 4. g3 Bb4+ 5. Nbd2 O-O 6. Bg2 Ne4 7. O-O Nxd2 8. Bxd2 Bxd2 9. Qxd2 d6 10. Rac1 Qe7 11. d5 Nb8 12. dxe6 Bxe6 13. Nd4 c6 14.
Rfd1 Rd8 15. Qe3 Nd7 16. Nf5 Qf6 17. Nxd6 Qxb2 18. Rb1 Qxa2 19. Nxb7 Rf8 20. Bxc6 Nb6 21. Nd6 Nxc4 22. Nxc4 Qxc4 23. Bxa8 Rxa8 24. Qxa7 Qc8 25.
Qb7 Qf8 26. Qb4 Qe8 27. Qd6 h6 28. Rb7 Rc8 29. Re7 Qa4 30. Rxe6 fxe6 31. Qxe6+ Kh7 32. Qf5+ 1-0

[Event "Early-Titled-Tuesday-Blitz-September-12-2023"]
[Site "Chess.com"]
[Date "2023.09.12"]
[Round "10"]
[White "surrenderPLS"]
[Black "APOKALIPSA13"]
[Result "1-0"]
[WhiteElo "2494"]
[BlackElo "2280"]
[TimeControl "180+1"]
[EndTime "9:54:54 PDT"]
[Termination "surrenderPLS won by resignation"]

1. e4 e5 2. Nf3 d5 3. d4 dxe4 4. Nxe5 Bd6 5. Bf4 Nf6 6. c4 Bxe5 7. Bxe5 Nc6 8. Nc3 Bg4 9. Bxf6 Qxf6 10. Qxg4 O-O 11.
O-O-O Qxf2 12. Nxe4 Qe3+ 13. Nd2 Nxd4 14. Qe4 Qf2 15.
Bd3 f5 16. Qd5+ Kh8 17. Nf3 Rad8 18. Qe5 Rfe8 19. Qf4 c5 20. Rd2 Re1+ 21. Rxe1 Ne2+ 22. Rdxe2 1-0

[Event "Early-Titled-Tuesday-Blitz-September-12-2023"]
[Site "Chess.com"]
[Date "2023.09.12"]
[Round "10"]
[White "chess123456s"]
[Black "PeshkaCh"]
[Result "0-1"]
[WhiteElo "2621"]
[BlackElo "2777"]
[TimeControl "180+1"]
[EndTime "9:54:57 PDT"]
[Termination "PeshkaCh won by resignation"]

1. e4 e5 2. Nf3 Nc6 3. Bb5 a6 4. Ba4 Nge7 5. Nc3 Ng6 6. h4 h5 7. d4 exd4 8. Nxd4 Nxd4 9. Qxd4 c6 10. Bg5 Qa5 11. Bb3 Qc5 12. Qd2 Be7 13. O-O-O Bxg5 14. hxg5 Qe5 15. g3 d6 16. f4 Qe7 17. f5 Ne5 18.
Qf4 Bd7 19. f6 gxf6 20. gxf6 Qf8 21. Na4 O-O-O 22. Nb6+ Kc7 23. Nxd7 Rxd7 24. Qf5 Qh6+ 25. Kb1 Qg6 26. Qf4 Rg8 27. Rhg1 Qg5 28. Qf2 Ng4 29. Qa7 Nxf6 30. Qd4 Qe5 31. Qxe5 dxe5 32. Rxd7+ Kxd7 33. Bxf7 Rg7 34. Bc4 Nxe4 35. Re1 Nd2+ 0-1

[Event "Early-Titled-Tuesday-Blitz-September-12-2023"]
[Site "Chess.com"]
[Date "2023.09.12"]
[Round "10"]
[White "allejam"]
[Black "Alexei_Gubajdullin"]
[Result "0-1"]
[WhiteElo "2435"]
[BlackElo "2613"]
[TimeControl "180+1"]
[EndTime "9:54:58 PDT"]
[Termination "Alexei_Gubajdullin won by checkmate"]

1. e4 g6 2. d4 d6 3. Nf3 Bg7 4.
Bc4 Nf6 5. Nc3 O-O 6. O-O c6 7.
Bb3 d5 8. exd5 cxd5 9. Re1 Bg4 10. h3 Bxf3 11. Qxf3 e6 12. Bf4 Nc6 13. Rad1 Qb6 14. Na4 Qa5 15. c3 Ne4 16. Bc2 f5 17. Qd3 Rad8 18.
f3 b5 19. b4 Qa6 20. fxe4 fxe4 21. Qf1 g5 22. Nc5 Qc8 23. Qxb5 gxf4 24. Rf1 f3 25. gxf3 e5 26. fxe4 Qxh3 27. Qxc6 Qg3+ 28. Kh1 Qh3+ 29. Kg1 Qg3+ 30. Kh1 Qh4+ 31. Kg1 Kh8 32. Ne6 Rg8 33. Nxd8 Bf6# 0-1

[Event "Early-Titled-Tuesday-Blitz-September-12-2023"]
[Site "Chess.com"]
[Date "2023.09.12"]
[Round "10"]
[White "crazy_but_lazy"]
[Black "Zavgorodniy_Sergiy"]
[Result "1-0"]
[WhiteElo "2642"]
[BlackElo "2521"]
[TimeControl "180+1"]
[EndTime "9:54:59 PDT"]
[Termination "crazy_but_lazy won by checkmate"]

1. Nf3 d5 2. c4 e6 3. e3 dxc4 4. Bxc4 Nf6 5. b3 a6 6. Bb2 b5 7. Be2 Bb7 8. a4 b4 9. O-O Nbd7 10. d4 c5 11. Nbd2 Be7 12. Nc4 O-O 13. Rc1 cxd4 14. Nxd4 Nc5 15. Bf3 Nd5 16. Qc2 Rc8 17. Rfd1 Bf6 18.
e4 Nc3 19. Bxc3 bxc3 20. e5 Bg5 21. Bxb7 Bxc1 22. Bxc8 Bh6 23. Nd6 Bd2 24. b4 Nd7 25.
Bxd7 Qxd7 26. Nf3 Bh6 27. Qxc3 Qxa4 28. Rb1 g6 29. h4 Bg7 30. Ne4 Qb5 31. Nf6+ Kh8 32.
Rd1 h6 33. h5 Bxf6 34. exf6 Qxh5 35. Qc5 Qxc5 36. bxc5 Rc8 37. Rd7 Kg8 38. Ne5 Rxc5 39. Nxf7 Kf8 40. Nxh6 a5 41. Rd8# 1-0